 Dungeon Crawl Stone Soup version 0.30-b1-2-g02819fbbbe (webtiles) character file.

Game seed: 451521882653488606

4912 Arcadio the Nimble (level 10, -1/77 HPs)
             Began as a Djinni Fire Elementalist on May 17, 2023.
             Was a Believer of Makhleb.
             Killed from afar by an acid dragon (23 damage)
             ... with a splash of acid
             ... on level 9 of the Dungeon.
             The game lasted 00:23:45 (13662 turns).

Arcadio the Nimble (Djinni Fire Elementalist)      Turns: 13662, Time: 00:23:46

Health: -1/77      AC:  2    Str:  7    XL:     10   Next: 80%
Gold:   517        EV: 16    Int: 27    God:    Makhleb [**....] SH:  0 Dex: 14

rFire   + + .        E - +1 rapier of the Forgotten Yaks {protect, rC+}
rCold   . . .        (no shield)
rNeg    . . .        M - +0 steam dragon scales
rPois   ∞            (no helmet)
rElec   .            (no cloak)
rCorr   .            B - +0 pair of gloves
SInv    +            (boots unavailable)
Will    +....        (no amulet)
Stlth   ++           g - +6 ring of intelligence
HPRegen 0.32/turn    N - ring of see invisible
MPRegen 0.00/turn

%: infuse magic (-2 HP)
@: corroded, flying
A: sickness immunity, fire resistance 2, cold vulnerability 1, float, innate
caster, HP casting, extra vitality 1
a: Renounce Religion, Minor Destruction


You were on level 9 of the Dungeon.
You worshipped Makhleb.
Makhleb was pleased with you.
You visited 2 branches of the dungeon, and saw 10 of its levels.
You also visited: Sewer.

You collected 517 gold pieces.

Inventory:

Hand Weapons
 b - a +0 short sword
 o - a +0 short sword of flaming
 E - the +1 rapier of the Forgotten Yaks (weapon) {protect, rC+}
   (You found it on level 4 of the Dungeon)

   rC:        It protects you from cold.
 K - a +5 scimitar
Missiles
 I - 3 throwing nets
Armour
 a - a +0 robe
 w - an orb of light
 B - a +0 pair of gloves (worn)
 H - the +1 robe "Put-Me-On" {Dex+2}
   (You found it on level 5 of the Dungeon)

   Dex:       It affects your dexterity (+2).
 M - +0 steam dragon scales (worn)
Magical Staves
 J - a staff of air
Jewellery
 g - a +6 ring of intelligence (left hand)
 N - a ring of see invisible (right hand)
Wands
 r - a wand of paralysis (7)
 t - a wand of flame (46)
 O - a wand of polymorph (13)
 P - a wand of digging (7)
Scrolls
 d - 3 scrolls of immolation
 i - 2 scrolls of fog {unknown}
 j - 3 scrolls of vulnerability {unknown}
 q - 3 scrolls of enchant weapon
 s - a scroll of magic mapping {unknown}
 x - a scroll of blinking {unknown}
 y - 4 scrolls of teleportation {unknown}
 A - 2 scrolls of fear {unknown}
 C - 2 scrolls of silence {unknown}
 F - 4 scrolls of amnesia {unknown}
 G - a scroll of acquirement {unknown}
 L - 2 scrolls of enchant armour {unknown}
 Q - a scroll of poison {unknown}
Potions
 c - a potion of invisibility {unknown}
 e - 3 potions of cancellation
 f - 2 potions of ambrosia {unknown}
 h - 3 potions of attraction
 k - 3 potions of flight
 l - a potion of lignification {unknown}
 m - 4 potions of heal wounds
 n - 2 potions of resistance {unknown}
 p - 5 potions of curing {unknown}
 u - 2 potions of mutation {unknown}
 v - a potion of haste {unknown}
 z - 3 potions of brilliance {unknown}
 D - a potion of might {unknown}
 R - a potion of magic {unknown}


   Skills:
 + Level 8.7 Fighting
 + Level 9.9 Dodging
 - Level 1.5 Stealth
 + Level 7.2 Spellcasting


You knew the following spells:

 Your Spells              Type           Power      Damage    Failure   Level
a - Foxfire               Conj/Fire      100%       2x1d9     1%          1
b - Scorch                Fire           96%        2d9       1%          2
c - Volatile Blastmotes   Fire/Tloc      96%        2d18      1%          3
d - Inner Flame           Hex/Fire       48%        N/A       1%          3
e - Flame Wave            Conj/Fire      48%        2d12      3%          4
f - Sandblast             Erth           96%        2d20      1%          1
g - Searing Ray           Conj           96%        2d7       1%          2
h - Swiftness             Air            48%        N/A       1%          3
i - Vhi's Electric Charg  Tloc/Air       96%        N/A       1%          3
Your spell library was empty.

Dungeon Overview and Level Annotations

Branches:
Dungeon (9/15) Zot: 24356  Temple (1/1) D:6 Zot: 5825   Sewer (visited)
   Lair: D:8-11         Orc: D:9-12

Altars:
Ashenzari
Cheibriados
Dithmenos
Elyvilon
Gozag
Hepliaklqana
Makhleb
Nemelex Xobeh
Okawaru
Qazlal
Ru
Trog
Uskayaw
Wu Jian
Xom
Yredelemnul
Zin
The Shining One

Shops:
D:4 (

Annotations:
D:9 Grum


Innate Abilities, Weirdness & Mutations

You are immune to sickness and miasma.
You are immune to poison.
Your flesh is very heat resistant. (rF++)
You are vulnerable to cold. (rC-)
You float through the air rather than walking.
You learn spells naturally, not from books.
Your magical power is your life essence.
You have superior vitality. (+4 MHP)


Message History

You kill the kobold!
Makhleb accepts your kill.
HP restored.
You see here a +0 dagger.
Items here: (( )) †.
You see here a +0 dagger.
An acid dragon comes into view.
Casting: Scorch (safe; 1% risk of failure)
Confirm with . or Enter, or press ? or * to list all spells.
You can't see any susceptible monsters within range! (Use Z to cast anyway.) 2 yaks come into view.
Casting: Scorch (safe; 1% risk of failure)
Confirm with . or Enter, or press ? or * to list all spells.
Flames lash the acid dragon.
The acid dragon roars!
The acid dragon is lightly wounded.
The acid dragon's fire resistance burns away.
You hear a bellow!
A yak comes into view.
Casting: Scorch (safe; 1% risk of failure)
Confirm with . or Enter, or press ? or * to list all spells.
Flames lash the acid dragon.
The acid dragon is burned terribly!
The acid dragon is heavily wounded.
Casting: Scorch (safe; 1% risk of failure)
Confirm with . or Enter, or press ? or * to list all spells.
Flames lash the acid dragon.
The acid dragon is burned terribly!
The acid dragon is almost dead.
The acid dragon spits acid at you. The splash of acid hits you!!
The acid corrodes you!
Casting: Scorch (safe; 1% risk of failure)
Confirm with . or Enter, or press ? or * to list all spells.
Flames lash the yak.
The yak is lightly wounded.
The yak's fire resistance burns away.
The acid dragon bites you! The acid dragon claws you.
The acid dragon attacks as you move away!
The acid dragon barely misses you. The acid dragon claws you.
The acid dragon spits acid at you. The splash of acid hits you!!
You die...

###........#######
##..........#
####.##.#..##.#
...#....#..##.# .
##.#..###.)##.# ..
##.#.)###<.##.##
...
##.#)))..[)#.#.##
....
##.#.)#...#.###.##
.....
##.#..[..[..#
##@##.>....
............#
##.DY.....
####........#
#.#.Y.#... #
#.##...#.# #.#
...# #
#.##...##.#.# ...#
####..........#
....#
...#####.######
[.#.# ##.# #.#
##... ##.# . ..


You could see 2 yaks and an acid dragon (catching breath, combustible).

Vanquished Creatures
  Prince Ribbit (D:5)
  Sigmund (D:4)
  A steam dragon (D:7)
  3 water moccasins
  Edmund (D:4)
  2 acid dragons
  An orc warrior (D:9)
  2 black bears (D:6)
  3 ice beasts
  An ogre (D:6)
  3 wolves (D:8)
  A centaur (D:6)
  A phantom (D:5)
  A kobold brigand (D:9)
  2 bullfrogs (D:8)
  A gnoll sergeant (D:8)
  5 scorpions
  10 wights
  8 killer bees
  An electric eel (D:8)
  3 howler monkeys (D:8)
  A lava snake (D:7)
  4 gnoll boudas
  3 hounds
  4 orc priests
  A sleepcap (D:5)
  3 iguanas
  7 orc wizards
  21 gnolls
  11 adders
  6 river rats (Sewer)
  3 shadow imps
  2 white imps
  An ufetubus (D:6)
  3 worms
  3 dart slugs
  27 orcs
  11 ball pythons
  7 endoplasms
  6 giant cockroaches
  2 goblins
  7 hobgoblins
  4 jackals (D:1)
  29 kobolds
  3 quokkas
  3 bats (D:1)
  5 frilled lizards
  19 rats
248 creatures vanquished.

Vanquished Creatures (others)
  An orc (D:9)
  150 foxfires
  3 plants (D:8)
154 creatures vanquished.

Grand Total: 402 creatures vanquished

Notes
Turn   | Place    | Note
-------+----------+-------------------------------------------
     0 | D:1      | Arcadio the Djinni Fire Elementalist began the quest for
                  | the Orb.
     0 | D:1      | Arcadio set off with the following spells memorised:
                  | Foxfire, Scorch, Volatile Blastmotes, Inner Flame, Flame
                  | Wave.
     0 | D:1      | Reached XP level 1. HP: 15/15 MP: 0/0
    71 | D:1      | Reached XP level 2. HP: 14/22 MP: 0/0
   134 | D:1      | Reached skill level 1 in Fighting
   262 | D:1      | Reached XP level 3. HP: 27/27 MP: 0/0
   262 | D:1      | Learned a level 1 spell: Sandblast
   778 | D:2      | Reached skill level 3 in Dodging
   782 | D:2      | Reached XP level 4. HP: 31/33 MP: 0/0
  1554 | D:3      | Reached XP level 5. HP: 37/38 MP: 0/0
  1554 | D:3      | Learned a level 2 spell: Searing Ray
  1682 | D:3      | Found a glowing drain.
  1691 | Sewer    | Entered a sewer
  2050 | Sewer    | Reached skill level 4 in Dodging
  2050 | Sewer    | Reached XP level 6. HP: 36/45 MP: 0/0
  3282 | D:4      | Reached XP level 7. HP: 45/50 MP: 0/0
  3282 | D:4      | Learned a level 3 spell: Swiftness
  3521 | D:4      | Reached skill level 5 in Dodging
  3629 | D:4      | Found Viotemo's Antique Weapon Boutique.
  3715 | D:4      | Noticed Sigmund
  3720 | D:4      | Killed Sigmund
  3767 | D:4      | Noticed Edmund
  3773 | D:4      | Killed Edmund
  3774 | D:4      | Reached XP level 8. HP: 26/58 MP: 0/0
  4115 | D:4      | Identified the +1 rapier of the Forgotten Yaks {protect,
                  | rC+}
  4423 | D:5      | Entered Level 5 of the Dungeon
  4466 | D:5      | Noticed Prince Ribbit
  4479 | D:5      | Killed Prince Ribbit
  4480 | D:5      | Reached skill level 5 in Fighting
  4480 | D:5      | Reached skill level 6 in Dodging
  4846 | D:5      | Identified the +1 robe "Put-Me-On" {Dex+2}
  5102 | D:5      | Reached skill level 5 in Spellcasting
  6040 | D:5      | Reached XP level 9. HP: 55/66 MP: 0/0
  6040 | D:5      | Learned a level 3 spell: Vhi's Electric Charge
  6389 | D:6      | Reached skill level 7 in Dodging
  7354 | D:6      | Found a staircase to the Ecumenical Temple.
  7360 | Temple   | Entered the Ecumenical Temple
  7519 | Temple   | Became a worshipper of Makhleb the Destroyer
  7935 | D:6      | Reached skill level 8 in Dodging
  9051 | D:7      | Reached XP level 10. HP: 60/75 MP: 0/0
  9059 | D:7      | Noticed a gargoyle
  9521 | D:7      | Reached * piety under Makhleb
 10313 | D:6      | Reached skill level 9 in Dodging
 11603 | D:8      | Reached ** piety under Makhleb
 11652 | D:8      | Found an ornate altar of the Wu Jian Council.
 12035 | D:8      | Found a bloodstained altar of Trog.
 12557 | D:9      | Noticed Grum
 13662 | D:9      | Killed from afar by an acid dragon

Illustrated notes

Levels and vault maps discovered:
D:1:      scummos_arrival_star, layout_basic
D:2:      layout_rooms
D:3:      minmay_evil_eye, layout_basic, cheibrodos_sewer_entry_drain
D:4:      layout_cave_pods, serial_shops, nicolae_shop_trees,
          sigmund_edmund_badplayer
D:5:      layout_basic, uniq_prince_ribbit1, uniq_edmund
D:6:      layout_basic, temple_fountains, chequers_jeans, kennysheep_flooded_box
D:7:      layout_gridville, skrybe_limestone_x, kennysheep_cluttered_room
D:8:      layout_loops_ring, nicolae_overflow_squiral, nicolae_sextant,
          grunt_ministairs_9, serial_bayou_lagoon_a,
          dreamdust_mushroom_princess, minmay_misc_feat_enclosed,
          lemuel_flame_loot_1
D:9:      layout_loops_ring, serial_shops, nicolae_lakefront_shop,
          kennysheep_kite_vault, uniq_grum
Temple:   compressed_dpeg_triangle_lava_temple

Skill      XL: |  1  2  3  4  5  6  7  8  9 10 |
---------------+-------------------------------+-----
Fighting       | 1 2 3 4 5 7 8 |  8.7
Dodging        | 3 4 5 6 8 9 |  9.9
Spellcasting   | 3 4 5 6 7 |  7.2
Stealth        | |  1.5

Action                     |  1- 3 |  4- 6 |  7- 9 | 10-12 || total
---------------------------+-------+-------+-------+-------++-------
  Melee: Short sword       |    19 |       |       |       ||    19
         Rapier            |       |       |     5 |     6 ||    11
   Cast: Foxfire           |    44 |    41 |     2 |     3 ||    90
         Scorch            |       |    72 |   172 |   135 ||   379
         Volatile Blastmot |       |       |     1 |       ||     1
         Swiftness         |       |       |     4 |     2 ||     6
         Flame Wave        |       |       |       |     3 ||     3
    Use: Scroll            |       |     3 |     3 |       ||     6
         Potion            |       |       |     1 |       ||     1
   Stab: Sleeping          |     1 |       |       |       ||     1
 Armour: Robe              |     6 |     9 |     4 |    10 ||    29
         Steam dragon scal |       |       |       |     7 ||     7
  Dodge: Dodged            |    11 |    20 |    94 |   118 ||   243
